 Dungeon Crawl Stone Soup version 0.26-a0-663-g36e8fdb655 (webtiles) character file.

Game seed: 8985421530990884929

1593 jasper the Cleaver (level 9, -1/65 HPs)
             Began as a Formicid Abyssal Knight on Oct 10, 2020.
             Was a Believer of Lugonu.
             Slain by a wight
             ... wielding a +0 halberd
              (11 damage)
             ... on level 6 of the Dungeon.
             The game lasted 00:08:43 (7819 turns).

jasper the Cleaver (Formicid Abyssal Knight)        Turns: 7819, Time: 00:08:44

Health: -1/65      AC: 11    Str: 21    XL:     9   Next: 15%
Magic:  24/24      EV:  5    Int: 11    God:    Lugonu [**....]
Gold:   188        SH:  0    Dex: 10    Spells: 8/8 levels left

rFire    x . .     SeeInvis +   t - +0 war axe
rCold    + . .     Faith    .   (no shield)
rNeg     . . .     Spirit   .   n - +0 plate armour
rPois    .         Reflect  .   (helmet unavailable)
rElec    .         Harm     .   (no cloak)
rCorr    .         Rampage  .   A - +0 pair of gloves
MR       .....                  (no boots)
Stlth    ..........             (no amulet)
HPRegen  0.20/turn              m - ring of magical power
MPRegen  0.19/turn              B - ring of ice

@: very heavily drained
A: permanent stasis, dig shafts and tunnels, four strong arms, antennae 3
a: Dig, Shaft Self, Depart the Abyss, Bend Space, Renounce Religion


You were on level 6 of the Dungeon.
You worshipped Lugonu.
Lugonu was pleased with you.
You visited 1 branch of the dungeon, and saw 7 of its levels.
You visited the Abyss 1 time.

You collected 188 gold pieces.

Inventory:

Hand Weapons
 a - a +1 hand axe
 p - a +0 flail
 q - a +0 flail
 t - a +0 war axe (weapon)
Armour
 b - a +0 leather armour
 l - a +0 scale mail
 n - a +0 plate armour (worn)
 u - a +0 chain mail
 A - a +0 pair of gloves (worn)
Jewellery
 m - a ring of magical power (left hand)
 B - a ring of ice (right hand)
Wands
 z - a wand of enslavement (4)
 C - a wand of paralysis (8)
Scrolls
 c - 3 scrolls of teleportation
 d - 2 scrolls of magic mapping {unknown}
 f - a scroll of fog {unknown}
 k - 4 scrolls of remove curse
 o - 4 scrolls of enchant armour {unknown}
 w - 2 scrolls of enchant weapon {unknown}
 x - a scroll of amnesia {unknown}
 y - 2 scrolls of immolation {unknown}
 D - a scroll of random uselessness {unknown}
Potions
 e - 2 potions of brilliance
 g - a potion of curing
 h - 2 potions of resistance
 i - 2 potions of degeneration
 r - 3 potions of stabbing {unknown}
 s - a potion of magic {unknown}
 v - 2 potions of heal wounds {unknown}
 E - a potion of haste {unknown}
 F - 2 potions of flight {unknown}


   Skills:
 + Level 3.9(0.9) Fighting
 * Level 8.6(5.2) Axes
 + Level 3.0(0.1) Armour
 - Level 0.8(0.0) Dodging
 - Level 8.0(4.6) Invocations


You had 8 spell levels left.
You didn't know any spells.
Your spell library was empty.

Dungeon Overview and Level Annotations

Branches:
Dungeon (7/15)             Temple (0/1) D:6

Altars:
Cheibriados
Gozag
Uskayaw
Xom

Annotations:
D:2 Terence
D:3 1 runed translucent door, Crazy Yiuf


Innate Abilities, Weirdness & Mutations

You cannot be hasted, slowed, berserked, paralysed or teleported.
You can dig through walls and to a lower floor.
Your four strong arms can wield two-handed weapons with a shield.
You have a pair of large antennae on your head. (SInv)


Message History

You closely miss the wight. The wight hits you with a +0 halberd.
* * * LOW HITPOINT WARNING * * *
You feel drained.
* * * LOW HITPOINT WARNING * * *
You take 3 damage, and have 7/65 hp.
Unknown command.
You feel better. The wight hits you with a +0 halberd.
* * * LOW HITPOINT WARNING * * *
You feel drained.
You regained 6 hp, and now have 13/65 hp.
Unknown command.
The wight hits you with a +0 halberd.
* * * LOW HITPOINT WARNING * * *
You feel drained.
* * * LOW HITPOINT WARNING * * *
Things that are here:
a +3 long sword; a +0 robe You take 3 damage, and have 10/65 hp.
The wight hits you from afar with a +0 halberd!
You die...

### ##### ##.## #######
....####...###### #.....#
###.#........)..###.....#
#
#.#.##...####.........##
###.#.###.## ##.........#
#.....# #.# #.##......#
....### #.# #.####.##.#
#.### ##+## #@# ##.##.#
#.# ##...## #)###..##.#
..# ##.....## #>W.......#
..#
##.......######..#####
..###.........####...##
....')........'.......#
..###.........####...##
#.####.......## ##..#
..##........## ##.#


You could see a wight.

Vanquished Creatures
  A two-headed ogre (D:6)
  Duvessa (D:5)
  An ice beast (D:6)
  A bullfrog (D:6)
  A scorpion (D:6)
  3 wights
  A howler monkey (D:3)
  3 orc priests
  A hound (D:4)
  2 orc wizards
  4 worker ants
  Robin (D:3)
  A howler monkey skeleton (D:4)
  9 adders
  A white imp (D:5)
  An ooze (D:1)
  An adder zombie (D:5)
  4 adder skeletons
  5 worms
  4 dart slugs
  4 leopard geckos
  22 orcs
  A ball python (D:1)
  5 giant cockroaches
  15 goblins
  10 hobgoblins
  2 jackals (D:2)
  A quokka (D:2)
  3 bats
  A frilled lizard (D:1)
  6 kobolds
  7 rats
123 creatures vanquished.

Vanquished Creatures (others)
  Dowan (D:5)
1 creature vanquished.

Grand Total: 124 creatures vanquished

Notes
Turn   | Place    | Note
-------+----------+-------------------------------------------
     0 | Abyss:1  | jasper the Formicid Abyssal Knight began the quest for the
                  | Orb.
     0 | Abyss:1  | Reached XP level 1. HP: 18/18 MP: 2/2
   106 | Abyss:2  | Noticed a large abomination
   107 | D:1      | Escaped the Abyss
   366 | D:1      | Reached XP level 2. HP: 24/24 MP: 3/3
   385 | D:1      | Reached * piety under Lugonu
   603 | D:1      | Reached XP level 3. HP: 29/29 MP: 4/4
  1332 | D:2      | Reached XP level 4. HP: 35/35 MP: 5/5
  1503 | D:2      | Noticed Terence
  1934 | D:3      | Noticed Robin
  1997 | D:2      | Reached XP level 5. HP: 30/41 MP: 6/6
  2152 | D:2      | Reached ** piety under Lugonu
  2258 | D:2      | Reached skill level 5 in Axes
  2434 | D:3      | Killed Robin
  2594 | D:3      | Reached XP level 6. HP: 36/47 MP: 7/7
  2714 | D:3      | Found an opulent altar of Gozag.
  3008 | D:3      | Found a runed translucent door.
  3009 | D:3      | Noticed Crazy Yiuf
  4124 | D:4      | Found a hide-covered altar of Uskayaw.
  4125 | D:4      | Noticed a +0 dagger
  4192 | D:4      | Noticed a +0 hand axe
  4524 | D:4      | Reached XP level 7. HP: 51/52 MP: 8/8
  5384 | D:5      | Entered Level 5 of the Dungeon
  5951 | D:5      | Noticed Duvessa
  5951 | D:5      | Noticed Dowan
  5968 | D:5      | Your ally died
  5970 | D:5      | Killed Duvessa
  6516 | D:6      | Found a snail-covered altar of Cheibriados.
  6641 | D:6      | Noticed a two-headed ogre
  6649 | D:6      | Killed a two-headed ogre
  6649 | D:6      | Reached XP level 8. HP: 5/58 MP: 14/14
  7171 | D:6      | Found a staircase to the Ecumenical Temple.
  7181 | D:6      | Reached XP level 9. HP: 57/64 MP: 15/15
  7265 | D:6      | Found a shimmering altar of Xom.
  7813 | D:6      | HP: 3/65 [wight/+3 long sword (3)]
  7819 | D:6      | Slain by a wight

Illustrated notes

Levels and vault maps discovered:
D:1:      erik_arrival_triangle_medium, layout_loops_ring,
          roderic_roman_lattice, hangedman_abyss_or_decor_lesser_grid
D:2:      layout_loops_ring, minmay_tripent, uniq_terence
D:3:      wander_river, layout_basic,
          nicolae_gozag_cash_rules_everything_around_me,
          uniq_crazy_yiuf_cottage, uniq_robin
D:4:      layout_gridville, dancing_weapons_uskayaw, serial_forest,
          infiniplex_forest_lined_corner, infiniplex_forest_straight_4,
          infiniplex_forest_lined_room_, infiniplex_forest_lined_corner,
          infiniplex_forest_straight_4
D:5:      layout_gridville, uniq_duvessa
D:6:      layout_loops_corners, xom_redecorated, kennysheep_little_box,
          minmay_temple_entry_overgrown
D:7:      layout_layer_cave, lemuel_round_altar, kennysheep_minor_cross,
          uniq_joseph

Skill      XL: |  1  2  3  4  5  6  7  8  9 |
---------------+----------------------------+-----
Axes           | 3 4 5 6 8 |  8.6
Invocations    | 8 |  8.0
Armour         | 3 |  3.0
Fighting       | |  3.9
Dodging        | |  0.8

Action                   |  1- 3 |  4- 6 |  7- 9 || total
-------------------------+-------+-------+-------++-------
Melee: Hand axe          |    61 |   174 |       ||   235
       War axe           |       |    64 |   127 ||   191
Throw: Javelin           |     6 |     7 |     9 ||    22
Invok: Depart the Abyss  |     1 |       |       ||     1
 Abil: Dig               |     1 |       |       ||     1
Evoke: Wand              |       |       |     5 ||     5
  Use: Scroll            |       |       |     6 ||     6
       Potion            |       |       |     5 ||     5
 Stab: Paralysed         |       |       |     4 ||     4
Armor: Leather armour    |    14 |       |       ||    14
       Scale mail        |     9 |    98 |       ||   107
       Chain mail        |       |    42 |    38 ||    80
       Plate armour      |       |       |    31 ||    31
Dodge: Dodged            |    32 |   140 |    36 ||   208

Table legend: (Time is in decaauts)
 A = Elapsed time spent in this place.
 B = Non-inter-level travel time spent in this place.
 C = Inter-level travel time spent in this place.
 D = Time resting spent in this place.
 E = Time spent auto-exploring this place.
 F = Levels seen in this place.
 G = Mean time per level.
                   A        B        C        D        E       F      G
               +--------+--------+--------+--------+--------+-----+--------+
         Total |   7899 |   7641 |    258 |   2139 |   4318 |   9 |  877.7 |
       Dungeon |   7792 |   7534 |    258 |   2139 |   4224 |   7 | 1113.1 |
         Abyss |    106 |    106 |      0 |      0 |     94 |   2 |   53.0 |
               +--------+--------+--------+--------+--------+-----+--------+

Top non-repeatable levels by time:
     D:3: 1586 daAuts
     D:6: 1441 daAuts
     D:1: 1435 daAuts
     D:4: 1293 daAuts
     D:2: 1026 daAuts
     D:5: 845 daAuts
     D:7: 164 daAuts
 Abyss:1: 57 daAuts
 Abyss:2: 49 daAuts
